| TOP OF THE 1ST |
|
Montgomery Rebels batting - Pitching for Savannah Indians : LHP Dennis Rasmussen
|
|
Pitching: LHP Dennis Rasmussen
|
|
|
Batting: SHB Arthur Fischetti
|
0-0: Ground out 6-3 (Groundball, 6, EV 106.3 MPH)
|
|
Batting: RHB Jarrett Sterner
|
0-0: Called Strike 0-1: Ball 1-1: Ball 2-1: Foul Ball, location: 2F 2-2: Ball 3-2: Strikes out swinging
|
|
Batting: RHB Milt Jefferson
|
0-0: Ball 1-0: Ball 2-0: Ball 3-0: Called Strike 3-1: Ground out U3 (Groundball, 34S, EV 91.3 MPH)
|
| Top of the 1st over - 0 runs, 0 hits, 0 errors, 0 left on base; Montgomery 0 - Savannah 0 |
| BOTTOM OF THE 1ST |
|
Savannah Indians batting - Pitching for Montgomery Rebels : RHP Emilio Bejar
|
|
Pitching: RHP Emilio Bejar
|
|
|
Batting: RHB Angel Salazar
|
0-0: Called Strike 0-1: Fly out, F5 (Line Drive, 5, EV 75.6 MPH)
|
|
Batting: LHB Kelvin Torve
|
0-0: Foul Ball, location: 2F 0-1: Ball 1-1: Ball 2-1: Ball 3-1: Base on Balls
|
|
Batting: RHB Jim Paciorek
|
0-0: Ball 1-0: Swinging Strike 1-1: Foul Ball, location: 2F 1-2: Strikes out swinging
|
|
Batting: RHB Wade Rowdon
|
0-0: Ball 1-0: Foul Ball, location: 2F 1-1: Called Strike 1-2: Strikes out swinging
|
| Bottom of the 1st over - 0 runs, 0 hits, 0 errors, 1 left on base; Montgomery 0 - Savannah 0 |
| TOP OF THE 2ND |
|
Montgomery Rebels batting - Pitching for Savannah Indians : LHP Dennis Rasmussen
|
|
Batting: RHB Nate Tria
|
0-0: Ball 1-0: Ball 2-0: Ground out 6-3 (Groundball, 6, EV 85.6 MPH)
|
|
Batting: LHB Ray Crowley
|
0-0: Called Strike 0-1: Ball 1-1: Called Strike 1-2: Strikes out swinging
|
|
Batting: RHB Roberto Palacios
|
0-0: Ball 1-0: Called Strike 1-1: Ball 2-1: Foul Ball, location: 2F 2-2: Ground out 6-3 (Groundball, 6MD, EV 90.0 MPH)
|
| Top of the 2nd over - 0 runs, 0 hits, 0 errors, 0 left on base; Montgomery 0 - Savannah 0 |
| BOTTOM OF THE 2ND |
|
Savannah Indians batting - Pitching for Montgomery Rebels : RHP Emilio Bejar
|
|
Batting: RHB Ramiro Gutierrez
|
0-0: Called Strike 0-1: Ball 1-1: Ball 2-1: Foul Ball, location: 2F 2-2: Foul Ball, location: 2F 2-2: Ball 3-2: Strikes out swinging
|
|
Batting: LHB Roberto Hernandez
|
0-0: Ball 1-0: Ball 2-0: Called Strike 2-1: Foul Ball, location: 2F 2-2: Ball 3-2: SINGLE (Line Drive, 3D, EV 102.5 MPH)
|
|
Batting: RHB Eddie Vargas
|
0-0: Ball 1-0: Fielders Choice at 2nd, 6-4 (Groundball, 6, EV 80.6 MPH)
|
|
Batting: RHB Mario Diaz
|
0-0: Ball 1-0: Called Strike Eddie Vargas steals 2nd base (no throw) 1-1: Called Strike 1-2: Foul Ball, location: 2F 1-2: Ball 2-2: Foul Ball, location: 2F 2-2: Ground out 4-3 (Groundball, 4, EV 101.3 MPH)
|
| Bottom of the 2nd over - 0 runs, 1 hit, 0 errors, 1 left on base; Montgomery 0 - Savannah 0 |
| TOP OF THE 3RD |
|
Montgomery Rebels batting - Pitching for Savannah Indians : LHP Dennis Rasmussen
|
|
Batting: RHB Jeff Schumaker
|
0-0: Ball 1-0: Ball 2-0: Called Strike 2-1: Called Strike 2-2: Ground out 4-3 (Groundball, 34D, EV 108.1 MPH)
|
|
Batting: SHB Mike Thorpe
|
0-0: Called Strike 0-1: Ball 1-1: Ball 2-1: Foul Ball, location: 2F 2-2: Ground out 6-3 (Groundball, 6, EV 83.1 MPH)
|
|
Batting: LHB Michael Shinn
|
0-0: Called Strike 0-1: Ball 1-1: Ball 2-1: Foul Ball, location: 2F 2-2: Foul Ball, location: 2F 2-2: Ball 3-2: Fly out, F8 (Line Drive, 8LD, EV 108.8 MPH)
|
| Top of the 3rd over - 0 runs, 0 hits, 0 errors, 0 left on base; Montgomery 0 - Savannah 0 |
| BOTTOM OF THE 3RD |
|
Savannah Indians batting - Pitching for Montgomery Rebels : RHP Emilio Bejar
|
|
Batting: RHB T.J. Johnson
|
0-0: Called Strike 0-1: Swinging Strike 0-2: Strikes out swinging
|
|
Batting: RHB Angel Salazar
|
0-0: Ball 1-0: Ball 2-0: Foul Ball, location: 2F 2-1: Swinging Strike 2-2: Ball 3-2: SINGLE (Groundball, 56D, EV 103.1 MPH) (infield hit)
|
|
Batting: LHB Kelvin Torve
|
0-0: Ball 1-0: Swinging Strike 1-1: Foul Ball, location: 2F 1-2: SINGLE (Groundball, 6D, EV 102.5 MPH) Angel Salazar to second
|
|
Batting: RHB Jim Paciorek
|
0-0: Ball 1-0: Swinging Strike 1-1: Foul Ball, location: 2F 1-2: Ball 2-2: Ball 3-2: Base on Balls Angel Salazar to third Kelvin Torve to second
|
|
Batting: RHB Wade Rowdon
|
0-0: Foul Ball, location: 2F 0-1: Ball 1-1: Swinging Strike 1-2: Ball 2-2: Ball 3-2: Foul Ball, location: 2F 3-2: Base on Balls Angel Salazar scores Kelvin Torve to third Jim Paciorek to second
|
|
Batting: RHB Ramiro Gutierrez
|
0-0: Swinging Strike 0-1: SINGLE (Groundball, 6MS, EV 66.3 MPH) (infield hit) Kelvin Torve scores Jim Paciorek to third Wade Rowdon to second
|
|
Batting: LHB Roberto Hernandez
|
0-0: Ball 1-0: Fly out, F9 (Flyball, 9S, EV 91.9 MPH)
|
|
Batting: RHB Eddie Vargas
|
0-0: Called Strike 0-1: Foul Ball, location: 2F 0-2: Ball 1-2: Fly out, F8 (Flyball, 8LXD, EV 108.8 MPH)
|
| Bottom of the 3rd over - 2 runs, 3 hits, 0 errors, 3 left on base; Montgomery 0 - Savannah 2 |
| TOP OF THE 4TH |
|
Montgomery Rebels batting - Pitching for Savannah Indians : LHP Dennis Rasmussen
|
|
Batting: SHB Arthur Fischetti
|
0-0: Ball 1-0: Called Strike 1-1: Ball 2-1: Ball 3-1: Foul Ball, location: 2F 3-2: Base on Balls
|
|
Batting: RHB Jarrett Sterner
|
0-0: Ball 1-0: SINGLE (Line Drive, 78S, EV 95.0 MPH) Arthur Fischetti to second
|
|
Batting: RHB Milt Jefferson
|
0-0: Called Strike 0-1: Called Strike 0-2: Foul Ball, location: 2F 0-2: Fly out, F9 (Flyball, 9LM, EV 89.4 MPH)
|
|
Batting: RHB Nate Tria
|
0-0: Ball 1-0: Grounds into double play, 5-4-3 (Groundball, 56, EV 101.9 MPH)
|
| Top of the 4th over - 0 runs, 1 hit, 0 errors, 1 left on base; Montgomery 0 - Savannah 2 |
| BOTTOM OF THE 4TH |
|
Savannah Indians batting - Pitching for Montgomery Rebels : RHP Emilio Bejar
|
|
Batting: RHB Mario Diaz
|
0-0: Ball 1-0: Swinging Strike 1-1: Called Strike 1-2: Ground out 6-3 (Groundball, 6, EV 86.9 MPH)
|
|
Batting: RHB T.J. Johnson
|
0-0: Called Strike 0-1: Called Strike 0-2: Ball 1-2: Foul Ball, location: 2F 1-2: Ball 2-2: Ball 3-2: Foul Ball, location: 2F 3-2: Fly out, F9 (Flyball, 9, EV 93.8 MPH)
|
|
Batting: RHB Angel Salazar
|
0-0: Ball 1-0: Ball 2-0: Ball 3-0: Called Strike 3-1: Fly out, F8 (Flyball, 8RS, EV 99.4 MPH)
|
| Bottom of the 4th over - 0 runs, 0 hits, 0 errors, 0 left on base; Montgomery 0 - Savannah 2 |
| TOP OF THE 5TH |
|
Montgomery Rebels batting - Pitching for Savannah Indians : LHP Dennis Rasmussen
|
|
Batting: LHB Ray Crowley
|
0-0: Ball 1-0: Foul Ball, location: 2F 1-1: Ball 2-1: Ball 3-1: Foul Ball, location: 2F 3-2: Strikes out swinging
|
|
Batting: RHB Roberto Palacios
|
0-0: Ball 1-0: Ball 2-0: Called Strike 2-1: Fly out, F4 (Popup, 34, EV 55.0 MPH)
|
|
Batting: RHB Jeff Schumaker
|
0-0: Ground out 1-3 (Groundball, 34S, EV 68.1 MPH)
|
| Top of the 5th over - 0 runs, 0 hits, 0 errors, 0 left on base; Montgomery 0 - Savannah 2 |
| BOTTOM OF THE 5TH |
|
Savannah Indians batting - Pitching for Montgomery Rebels : RHP Emilio Bejar
|
|
Batting: LHB Kelvin Torve
|
0-0: Fly out, F8 (Flyball, 8RD, EV 92.5 MPH)
|
|
Batting: RHB Jim Paciorek
|
0-0: Foul Ball, location: 2F 0-1: Ball 1-1: Called Strike 1-2: Ball 2-2: Ball 3-2: Fly out, F9 (Line Drive, 9, EV 100.6 MPH)
|
|
Batting: RHB Wade Rowdon
|
0-0: Foul Ball, location: 2F 0-1: Ground out U3 (Groundball, 13, EV 85.6 MPH)
|
| Bottom of the 5th over - 0 runs, 0 hits, 0 errors, 0 left on base; Montgomery 0 - Savannah 2 |
| TOP OF THE 6TH |
|
Montgomery Rebels batting - Pitching for Savannah Indians : LHP Dennis Rasmussen
|
|
Batting: SHB Mike Thorpe
|
0-0: SINGLE (Groundball, 3D, EV 102.5 MPH)
|
|
Batting: LHB Michael Shinn
|
0-0: Called Strike 0-1: Ball 1-1: Foul Ball, location: 2F 1-2: Ball 2-2: Foul Ball, location: 2F 2-2: Fly out, F8 (Flyball, 8RM, EV 96.9 MPH)
|
|
Batting: SHB Arthur Fischetti
|
0-0: Ball 1-0: Foul Ball, location: 2F 1-1: Ground out 3-1 (Groundball, 34S, EV 91.3 MPH) Mike Thorpe to second
|
|
Batting: RHB Jarrett Sterner
|
0-0: Ball 1-0: Called Strike 1-1: Foul Ball, location: 2F 1-2: Foul Ball, location: 2F 1-2: SINGLE (Groundball, 6MD, EV 110.0 MPH) Mike Thorpe to third Runner from 3rd tries for Home, SAFE, throw by CF to home
|
|
Batting: RHB Milt Jefferson
|
0-0: Ball Pickoff Throw to First - Out! 1-3
|
| Top of the 6th over - 1 run, 2 hits, 0 errors, 0 left on base; Montgomery 1 - Savannah 2 |
| BOTTOM OF THE 6TH |
|
Savannah Indians batting - Pitching for Montgomery Rebels : RHP Emilio Bejar
|
|
Batting: RHB Ramiro Gutierrez
|
0-0: Ball 1-0: Ball 2-0: Ground out 6-3 (Groundball, 6, EV 101.3 MPH)
|
|
Batting: LHB Roberto Hernandez
|
0-0: Called Strike 0-1: Foul Ball, location: 2F 0-2: Ball 1-2: Fly out, F9 (Flyball, 9S, EV 89.4 MPH)
|
|
Batting: RHB Eddie Vargas
|
0-0: Ball 1-0: Fly out, F6 (Popup, 15, EV 90.6 MPH)
|
| Bottom of the 6th over - 0 runs, 0 hits, 0 errors, 0 left on base; Montgomery 1 - Savannah 2 |
| TOP OF THE 7TH |
|
Montgomery Rebels batting - Pitching for Savannah Indians : LHP Dennis Rasmussen
|
|
Batting: RHB Milt Jefferson
|
0-0: Foul Ball, location: 2F 0-1: Foul Ball, location: 2F 0-2: Ground out 4-3 (Groundball, 4, EV 79.4 MPH)
|
|
Batting: RHB Nate Tria
|
0-0: Swinging Strike 0-1: Ball 1-1: Fly out, F9 (Line Drive, 9, EV 90.6 MPH)
|
|
Batting: LHB Ray Crowley
|
0-0: Foul Ball, location: 2F 0-1: Swinging Strike 0-2: Foul Ball, location: 2F 0-2: Ball 1-2: Foul Ball, location: 2F 1-2: Foul Ball, location: 2F 1-2: Ball 2-2: Fly out, F7 (Flyball, 7LM, EV 90.0 MPH)
|
| Top of the 7th over - 0 runs, 0 hits, 0 errors, 0 left on base; Montgomery 1 - Savannah 2 |
| BOTTOM OF THE 7TH |
|
Savannah Indians batting - Pitching for Montgomery Rebels : RHP Emilio Bejar
|
|
Batting: RHB Mario Diaz
|
0-0: Ball 1-0: Ball 2-0: Called Strike 2-1: Called Strike 2-2: Fly out, F8 (Line Drive, 8LM, EV 91.9 MPH)
|
|
Batting: RHB T.J. Johnson
|
0-0: Foul Ball, location: 2F 0-1: DOUBLE (Line Drive, 78D, EV 100.0 MPH)
|
|
Batting: RHB Angel Salazar
|
0-0: Ball 1-0: Foul Ball, location: 2F 1-1: Called Strike 1-2: Ground out 6-3 (Groundball, 6, EV 85.6 MPH) T.J. Johnson to third
|
|
Batting: LHB Kelvin Torve
|
0-0: Ball 1-0: Ball 2-0: Ball 3-0: Called Strike 3-1: Foul Ball, location: 2F 3-2: Strikes out looking
|
| Bottom of the 7th over - 0 runs, 1 hit, 0 errors, 1 left on base; Montgomery 1 - Savannah 2 |
| TOP OF THE 8TH |
|
Montgomery Rebels batting - Pitching for Savannah Indians : LHP Dennis Rasmussen
|
|
Batting: RHB Roberto Palacios
|
0-0: Ball 1-0: Called Strike 1-1: Called Strike 1-2: Ball 2-2: Strikes out swinging
|
|
Batting: RHB Jeff Schumaker
|
0-0: Ball 1-0: Called Strike 1-1: Ground out 1-3 (Groundball, 13S, EV 67.5 MPH)
|
|
Batting: SHB Mike Thorpe
|
0-0: Ball 1-0: Ball 2-0: Ball 3-0: Called Strike 3-1: Foul Ball, location: 2F 3-2: Foul Ball, location: 2F 3-2: SINGLE (Line Drive, 89M, EV 90.0 MPH)
|
|
Batting: LHB Michael Shinn
|
0-0: Ground out 4-3 (Groundball, 34S, EV 83.8 MPH)
|
| Top of the 8th over - 0 runs, 1 hit, 0 errors, 1 left on base; Montgomery 1 - Savannah 2 |
| BOTTOM OF THE 8TH |
|
Savannah Indians batting - Pitching for Montgomery Rebels : RHP Emilio Bejar
|
|
Batting: RHB Jim Paciorek
|
0-0: Swinging Strike 0-1: Foul Ball, location: 2F 0-2: Fly out, F9 (Flyball, 89S, EV 83.1 MPH)
|
|
Batting: RHB Wade Rowdon
|
0-0: Called Strike 0-1: Foul Ball, location: 2F 0-2: Ball 1-2: Ball 2-2: Foul Ball, location: 2F 2-2: Strikes out looking
|
|
Batting: RHB Ramiro Gutierrez
|
0-0: Ball 1-0: Called Strike 1-1: Foul Ball, location: 2F 1-2: Ball 2-2: Fly out, F4 (Popup, 13, EV 86.3 MPH)
|
| Bottom of the 8th over - 0 runs, 0 hits, 0 errors, 0 left on base; Montgomery 1 - Savannah 2 |
| TOP OF THE 9TH |
|
Montgomery Rebels batting - Pitching for Savannah Indians : LHP Dennis Rasmussen
|
|
Pitching: RHP Joel Willett
|
|
|
Now in LF: Albert Castillo
|
|
|
Batting: SHB Arthur Fischetti
|
0-0: SOLO HOME RUN (Line Drive, 9D, EV 107.5 MPH), Distance : 370 ft
|
|
Batting: RHB Jarrett Sterner
|
0-0: Called Strike 0-1: Foul Ball, location: 2F 0-2: Ball 1-2: Ground out 5-3 (Groundball, 56, EV 106.9 MPH)
|
|
Batting: RHB Milt Jefferson
|
0-0: Ball 1-0: Ball 2-0: Ball 3-0: Called Strike 3-1: Base on Balls
|
|
Batting: RHB Nate Tria
|
0-0: Ball 1-0: Grounds into double play, 5-4-3 (Groundball, 56, EV 85.6 MPH)
|
| Top of the 9th over - 1 run, 1 hit, 0 errors, 0 left on base; Montgomery 2 - Savannah 2 |
| BOTTOM OF THE 9TH |
|
Savannah Indians batting - Pitching for Montgomery Rebels : RHP Emilio Bejar
|
|
Batting: LHB Roberto Hernandez
|
0-0: Ball 1-0: Ball 2-0: DOUBLE (Groundball, 5L, EV 107.5 MPH)
|
|
Batting: RHB Eddie Vargas
|
0-0: Intentional Walk
|
|
Pinch Hitting: LHB Felix Agapay
|
0-0: Called Strike 0-1: Ball 1-1: Foul Ball, location: 2F 1-2: SINGLE (Flyball, 9S, EV 97.5 MPH) Roberto Hernandez to third Eddie Vargas to second Runner from 3rd tries for Home, SAFE, throw by RF to home
|
| Bottom of the 9th over - 1 run, 2 hits, 0 errors, 0 left on base; Montgomery 2 - Savannah 3 |
|